 Dungeon Crawl Stone Soup version 0.20.1-1-g8b1a95d (webtiles) character file.

397 Internecine the Bolt Thrower (level 6, 0/52 HPs)
             Began as a Draconian Hunter on Sept 30, 2017.
             Slain by Grinder (3 damage)
             ... on level 4 of the Dungeon.
             The game lasted 00:27:53 (3191 turns).

Internecine the Bolt Thrower (Draconian Hunter)     Turns: 3191, Time: 00:27:58

Health: 0/52       AC:  7    Str: 14    XL:     6   Next: 53%
Magic:  6/6        EV: 12    Int: 11    God:
Gold:   147        SH:  4    Dex: 14    Spells: 5/5 levels left

rFire    . . .     SeeInvis .   r - +0 flail (curse)
rCold    . . .     Gourm    +   k - +0 buckler
rNeg     + . .     Faith    .   (armour unavailable)
rPois    +         Spirit   .   (helmet restricted)
rElec    .         Reflect  .   (no cloak)
rCorr    .         Harm     .   G - +0 pair of gloves
MR       .....                  (no boots)
Stlth    ++........             t - amulet of the gourmand
Regen    0.2/turn               n - ring of poison resistance
MPRegen  0.1/turn               x - ring of positive energy

@: no status effects
A: unfitting armour, cold-blooded, AC +6
a: no special abilities


You were on level 4 of the Dungeon.
You were not hungry.

You visited 1 branch of the dungeon, and saw 4 of its levels.

You collected 147 gold pieces.

Inventory:

Hand Weapons
 a - a +1 hand crossbow
 b - a +0 short sword
 f - a +0 spear
 i - a +0 short sword
 q - a +0 short sword
 r - a cursed +0 flail (weapon)
 u - a +0 dagger of draining
 v - a +0 short sword
 y - a +2 dagger of venom
 B - a +0 mace
 D - a +0 flail
Missiles
 c - 22 bolts
 e - 66 stones (quivered)
 E - 15 arrows
 H - 26 sling bullets
Armour
 k - a +0 buckler (worn)
 F - a +0 pair of gloves
 G - a +0 pair of gloves (worn)
Jewellery
 n - a ring of poison resistance (left hand)
 t - an amulet of the gourmand (around neck)
 x - a ring of positive energy (right hand)
Scrolls
 h - a scroll of blinking {unknown}
 m - a scroll of magic mapping
 o - a scroll of recharging
 C - a scroll of teleportation {unknown}
 I - a scroll of amnesia {unknown}
Potions
 j - a potion of might {unknown}
 l - a potion of lignification {unknown}
 p - a potion of brilliance {unknown}
 w - a potion of curing {unknown}
 A - a potion of heal wounds {unknown}
Comestibles
 d - 3 bread rations
 g - 2 royal jellies
 s - a chunk of flesh
 z - 2 meat rations


   Skills:
 + Level 3.7 Fighting
 + Level 0.2 Short Blades
 + Level 6.3 Crossbows
 + Level 2.3 Dodging
 + Level 1.4 Stealth
 + Level 0.8 Shields


You had 5 spell levels left.
You didn't know any spells.

Dungeon Overview and Level Annotations

Branches:
Dungeon (4/15)
 Temple: D:4-7

Altars:

Annotations:
D:4 Grinder


Innate Abilities, Weirdness & Mutations

Your plain brown scales are hard. (AC +6)
You cannot fit into any form of body armour.
You are cold-blooded and may be slowed by cold attacks.


Message History

Grinder hits you. Grinder hits you.
* * * LOW HITPOINT WARNING * * *
You writhe in agony.
* * * LOW HITPOINT WARNING * * *
Grinder hits you.
* * * LOW HITPOINT WARNING * * *
You writhe in agony.
* * * LOW HITPOINT WARNING * * *
You can move again.
You are too injured to fight recklessly!
You are too injured to fight recklessly!
You barely miss Grinder.
Grinder is heavily wounded.
Grinder hits you.
* * * LOW HITPOINT WARNING * * *
You writhe in agony.
* * * LOW HITPOINT WARNING * * *
Grinder hits you.
You die...

#.#....8.....
#............
###....8.....
###..#.....
#..#.....
###(# ....
#...# .ยง..
########5###
...
((<(((.@.#
##########


You could see Grinder.

Vanquished Creatures
  Sigmund (D:3)
  A big kobold (D:3)
  Jessica (D:2)
  2 adders
  4 gnolls (D:2)
  An ooze (D:2)
  A worm (D:3)
  3 dart slugs
  A leopard gecko (D:3)
  4 orcs (D:3)
  A giant cockroach (D:1)
  6 hobgoblins
  6 jackals (D:2)
  10 kobolds
  A ball python (D:3)
  6 bats
  3 frilled lizards (D:1)
  5 goblins
  7 rats
  2 plants (D:3)
66 creatures vanquished.

Notes
Turn   | Place    | Note
-------+----------+-------------------------------------------
     0 | D:1      | Internecine the Draconian Hunter began the quest for the Orb.
     0 | D:1      | Reached XP level 1. HP: 17/17 MP: 1/1
   413 | D:1      | Reached skill level 4 in Crossbows
   415 | D:1      | Reached skill level 1 in Stealth
   415 | D:1      | Reached XP level 2. HP: 24/24 MP: 2/2
  1144 | D:2      | Reached XP level 3. HP: 30/30 MP: 3/3
  1301 | D:2      | Reached XP level 4. HP: 36/37 MP: 4/4
  1397 | D:2      | Reached skill level 5 in Crossbows
  1820 | D:2      | Noticed Jessica
  1822 | D:2      | Killed Jessica
  2195 | D:3      | Noticed a big kobold
  2295 | D:3      | Reached XP level 5. HP: 44/44 MP: 5/5
  2333 | D:3      | Noticed Sigmund
  2345 | D:3      | Killed Sigmund
  2345 | D:3      | Reached skill level 6 in Crossbows
  2345 | D:3      | Reached XP level 6. HP: 26/51 MP: 6/6
  3142 | D:4      | Noticed Grinder
  3157 | D:4      | Paralysed by Grinder for 4 turns
  3166 | D:4      | Paralysed by Grinder for 3 turns
  3172 | D:4      | Paralysed by Grinder for 2 turns
  3178 | D:4      | Paralysed by Grinder for 3 turns
  3186 | D:4      | Paralysed by Grinder for 5 turns
  3191 | D:4      | Slain by Grinder

Skill      XL: |  1  2  3  4  5 |
---------------+----------------+-----
Crossbows      | 4 5 6 |  6.3
Stealth        | 1 |  1.4
Dodging        | 2 |  2.3
Fighting       | 3 |  3.7
Short Blades   | |  0.2
Shields        | |  0.8

Action                   |  1- 3 |  4- 6 || total
-------------------------+-------+-------++-------
Melee: Short sword       |       |   105 ||   105
       Tailslap          |       |    36 ||    36
       Dagger            |       |    24 ||    24
       Flail             |       |    15 ||    15
 Fire: Hand crossbow     |    51 |    59 ||   110
Throw: Stone             |       |    21 ||    21
  Use: Scroll            |       |     3 ||     3
  Eat: Chunk             |       |     7 ||     7
Armor: Skin              |     4 |    14 ||    18
Dodge: Dodged            |     9 |    33 ||    42
Block: Buckler           |     1 |    18 ||    19
